 Dungeon Crawl Stone Soup version 0.28-a0-1555-g9ae15a6949 (webtiles) character file.

Game seed: 10719905974147106275

3801 Strat the Fighter (level 9, -7/84 (85) HPs)
             Began as a Demigod Ice Elementalist on Jan 18, 2022.
             Mangled by an orc warrior (16 damage)
             ... on level 8 of the Dungeon.
             The game lasted 00:21:43 (11991 turns).

Strat the Fighter (Demigod Ice Elementalist)       Turns: 11991, Time: 00:21:44

HP:   -7/84 (85)    AC:  6    Str: 13    XL:     9   Next: 64%
MP:   16/16         EV: 11    Int: 25    God:
Gold: 564           SH:  0    Dex: 14    Spells: 7/14 levels left

rFire   . . .      SeeInvis .   a - +3 short sword (venom)
rCold   . . .      Faith    .   (no shield)
rNeg    . . .      Spirit   .   l - +0 leather armour
rPois   .          Reflect  .   k - +1 helmet
rElec   .          Harm     .   (no cloak)
rCorr   +          Rampage  .   r - +0 pair of gloves
Will    .....                   (no boots)
Stlth   ++........              m - amulet of the acrobat
HPRegen 0.24/turn               t - ring of resist corrosion
MPRegen 0.15/turn               (no ring)

@: studying Maces & Flails, lightly drained
A: high mp 1, forlorn, divine attributes
a: no special abilities


You were on level 8 of the Dungeon.
You visited 1 branch of the dungeon, and saw 8 of its levels.

You collected 564 gold pieces.

Inventory:

Hand Weapons
 a - a +3 short sword of venom (weapon)
 s - a +2 trident of protection
Missiles
 g - 334 stones
 n - 14 poisoned darts
Armour
 f - a +0 robe
 k - a +1 helmet (worn)
 l - a +0 leather armour (worn)
 r - a +0 pair of gloves (worn)
Jewellery
 m - an amulet of the acrobat (around neck)
 t - a ring of resist corrosion (left hand)
Wands
 d - a wand of acid (3)
 o - a wand of flame (17)
 w - a wand of iceblast (23)
 y - a wand of charming (11)
Scrolls
 e - 2 scrolls of enchant weapon
 i - a scroll of magic mapping
 x - a scroll of summoning
Potions
 b - a potion of ambrosia
 c - 2 potions of lignification
 h - a potion of invisibility
 j - 3 potions of curing
 p - a potion of mutation {unknown}
 q - 2 potions of attraction {unknown}
 u - a potion of magic {unknown}
 v - 2 potions of haste {unknown}
 z - a potion of resistance {unknown}


   Skills:
 + Level 9.9 Fighting
 - Level 4.0 Armour
 - Level 1.7 Dodging
 - Level 1.7 Stealth
 - Level 3.0 Spellcasting
 - Level 8.0 Ice Magic


You had 7 spell levels left.
You knew the following spells:

 Your Spells              Type           Power      Damage    Failure   Level
a - Freeze                Ice            100%       1d11      1%          1
b - Frozen Ramparts       Ice            86%        1d10      1%          3
c - Ozocubu's Armour      Ice            43%        N/A       1%          3

Your spell library contained the following spells:

 Spells                   Type           Power      Damage    Failure   Level
 Beastly Appendage        Tmut           6%         N/A       12%         1
 Wereblood                Tmut           3%         N/A       19%         2
 Hailstorm                Conj/Ice       23%        3d7       24%         4
 Dazzling Flash           Conj/Hex       6%         N/A       36%         3
 Spider Form              Tmut/Pois      3%         N/A       36%         3
 Iskenderun's Mystic Bla  Conj/Tloc      3%         2d3       77%         4
 Starburst                Conj/Fire      1%         6d3       100%        6


Dungeon Overview and Level Annotations

Branches:
Dungeon (8/15)             Temple (0/1) D:6
   Lair: D:8-11

Shops:
D:2 *

Annotations:
D:2 1 runed translucent door, Crazy Yiuf
D:4 3 runed translucent doors, psuckher's ghost, amateur BaDe


Innate Abilities, Weirdness & Mutations

You have an increased reservoir of magic. (+10% MP)
You shall have no god before yourself.
Your divine heritage dramatically boosts your attributes as you level up.


Message History

The wight hits you with a +0 short sword.
You feel drained.
You hit the wight but do no damage.
The wight is almost destroyed.
The wight resists.
The wall freezes the wight.
The wight hits you but does no damage.
The wight resists.
The wall freezes the wight.
You destroy the wight!
Your icy armour cracks and falls away as you move.
The frozen ramparts melt away as you move.
Things that are here:
a +0 short sword; a +0 robe
Found a chain mail.
You see here a +0 chain mail.
The orc wizard shouts!
The orc wizard mumbles some strange words.
The orc wizard flickers and vanishes!
Deactivating autopickup; reactivate with Ctrl-A.
The orc warrior shouts!
Something closely misses you.
No target in view!
No target in view!
No target in view!
You miss something. Something hits you.
You hit something. Something hits you! x2
You puncture something! Something hits you.
You closely miss something.
The orc warrior hits you from afar with a +0 glaive!!
* * * LOW HITPOINT WARNING * * *
Something hits you!
* * * LOW HITPOINT WARNING * * *
You barely miss something.
The orc warrior hits you from afar with a +0 glaive!!
* * * LOW HITPOINT WARNING * * *
Something hits you.
* * * LOW HITPOINT WARNING * * *
Okay, then.
You feel better.
The orc warrior hits you from afar with a +0 glaive!
You die...

#.......#....#.# #..# #.#
##.##.#...##.#.####..# #.#
#####...................#
#.#
.......#....###.........#
#.# #####.##..###
#.#.###...# #.# #.##..#
#.#.# #...# #.#
#.##..#####.#o###...# #.#
##
#...........{.......####.#
.#
####..######@.........##.#
.# #.........#####.##.##.#
.# #.######### ##.##.##.#
.#######.# #...[.##.#
.........# #..#####.#
.######### #..# #.# .#
##..# #$# .# #)..# #.####
.# ##..## #.....


You could see an orc warrior.

Vanquished Creatures
  Pikel (D:6)
  Eustachio (D:4)
  A steam dragon (D:8)
  2 water moccasins
  A sky beast (D:7)
  2 black bears (D:7)
  An ice beast (D:5)
  An ogre (D:5)
  4 lemures (D:6)
  4 centaurs (D:8)
  A phantom (D:4)
  4 bullfrogs
  A wyvern skeleton (D:6)
  2 scorpions
  A water moccasin zombie (D:6)
  A water moccasin skeleton (D:6)
  9 killer bees
  3 wights (D:8)
  2 howler monkeys (D:8)
  2 centaur zombies
  2 bullfrog zombies
  A jelly (D:4)
  2 orc priests (D:6)
  A bullfrog skeleton (D:6)
  A hound (D:5)
  2 centaur skeletons
  Terence (D:2)
  3 iguanas
  5 orc wizards
  A killer bee zombie (D:6)
  A hound skeleton (D:4)
  Robin (D:2)
  9 adders
  A shadow imp (D:6)
  2 white imps (D:7)
  2 ufetubi
  2 adder skeletons
  A worm (D:4)
  2 dart slugs
  37 orcs
  3 ball pythons
  5 bats
  6 endoplasms
  4 giant cockroaches
  14 goblins
  13 hobgoblins
  2 jackals (D:3)
  4 quokkas
  4 frilled lizards
  2 kobolds
  9 rats
187 creatures vanquished.

Vanquished Creatures (others)
  An orc wizard (D:8)
  28 plants (D:6)
29 creatures vanquished.

Grand Total: 216 creatures vanquished

Notes
Turn   | Place    | Note
-------+----------+-------------------------------------------
     0 | D:1      | Strat the Demigod Ice Elementalist began the quest for the
                  | Orb.
     0 | D:1      | Reached XP level 1. HP: 14/14 MP: 5/5
   393 | D:1      | Reached XP level 2. HP: 20/20 MP: 5/7
  1325 | D:2      | Noticed Terence
  1618 | D:2      | Noticed Robin
  1730 | D:2      | Found Selelem's General Store.
  1758 | D:2      | Reached XP level 3. HP: 24/26 MP: 4/8
  1814 | D:2      | Found a runed translucent door.
  1815 | D:2      | Noticed Crazy Yiuf
  2017 | D:2      | Learned a level 3 spell: Frozen Ramparts
  2456 | D:2      | Reached skill level 5 in Ice Magic
  2488 | D:2      | Killed Robin
  2818 | D:2      | Killed Terence
  2819 | D:2      | Reached XP level 4. HP: 20/33 MP: 4/9
  3907 | D:3      | Reached XP level 5. HP: 38/38 MP: 6/10
  4429 | D:4      | Noticed Eustachio
  4486 | D:4      | Killed Eustachio
  4487 | D:4      | Reached XP level 6. HP: 29/45 MP: 3/11
  4644 | D:4      | Found a runed translucent gate.
  4644 | D:4      | Found a runed translucent gate.
  4644 | D:4      | Found a runed translucent gate.
  4645 | D:4      | Noticed psuckher's ghost (amateur BaDe)
  5565 | D:5      | Entered Level 5 of the Dungeon
  5664 | D:4      | Reached XP level 7. HP: 51/51 MP: 6/12
  5709 | D:4      | Learned a level 3 spell: Ozocubu's Armour
  6002 | D:5      | Reached skill level 1 in Fighting
  6002 | D:5      | Reached skill level 1 in Armour
  6270 | D:5      | Reached skill level 2 in Fighting
  7290 | D:6      | Reached skill level 3 in Fighting
  7361 | D:6      | Reached XP level 8. HP: 60/63 MP: 10/15
  7733 | D:6      | Noticed an angel
  7744 | D:6      | Found a staircase to the Ecumenical Temple.
  7863 | D:6      | Noticed Pikel
  8010 | D:6      | Noticed a rust devil
  8396 | D:6      | Reached skill level 4 in Fighting
  9097 | D:6      | Killed Pikel
  9098 | D:6      | Reached skill level 6 in Fighting
  9778 | D:7      | Reached skill level 7 in Fighting
  9915 | D:7      | Reached XP level 9. HP: 71/79 MP: 9/16
 10367 | D:7      | Reached skill level 8 in Fighting
 11280 | D:8      | Reached skill level 9 in Fighting
 11990 | D:8      | HP: 2/84 [something (5)]
 11991 | D:8      | Mangled by an orc warrior

Illustrated notes

Levels and vault maps discovered:
D:1:      onia_arrival_handbag, layout_loops_ring
D:2:      layout_loops_ring, serial_shops, shop, uniq_terence, uniq_robin,
          uniq_crazy_yiuf_cottage
D:3:      layout_loops_ring, gammafunk_temple_overflow_statue,
          guppyfry_early_orc_mine
D:4:      layout_basic, ebering_ghost_rock_garden, uniq_eustachio
D:5:      layout_loops_ring
D:6:      layout_cave_pods, temple_garden, grunt_ministairs_15, uniq_pikel
D:7:      layout_basic
D:8:      layout_loops_ring, minmay_misc_feat_hallway, minmay_manual_mares

Skill      XL: |  1  2  3  4  5  6  7  8  9 |
---------------+----------------------------+-----
Ice Magic      | 4 5 6 8 |  8.0
Spellcasting   | 3 |  3.0
Fighting       | 3 7 9 |  9.9
Armour         | 3 4 |  4.0
Dodging        | |  1.7
Stealth        | |  1.7

Action                   |  1- 3 |  4- 6 |  7- 9 || total
-------------------------+-------+-------+-------++-------
Melee: Short sword       |    30 |   136 |   325 ||   491
       Punch             |       |     5 |     6 ||    11
 Cast: Freeze            |    57 |    36 |     4 ||    97
       Frozen Ramparts   |     1 |     8 |    31 ||    40
       Ozocubu's Armour  |       |       |    18 ||    18
  Use: Potion            |       |     2 |     1 ||     3
       Scroll            |       |     1 |    15 ||    16
 Stab: Sleeping          |       |     7 |     4 ||    11
Armor: Robe              |    12 |       |       ||    12
       Leather armour    |     1 |    46 |   138 ||   185
Dodge: Dodged            |    51 |    92 |   298 ||   441

Table legend: (Time is in decaauts)
 A = Elapsed time spent in this place.
 B = Non-inter-level travel time spent in this place.
 C = Inter-level travel time spent in this place.
 D = Time resting spent in this place.
 E = Time spent auto-exploring this place.
 F = Levels seen in this place.
 G = Mean time per level.
                   A        B        C        D        E       F      G
               +--------+--------+--------+--------+--------+-----+--------+
         Total |  12046 |  11720 |    326 |   3641 |   5550 |   8 | 1505.8 |
       Dungeon |  12046 |  11720 |    326 |   3641 |   5550 |   8 | 1505.8 |
               +--------+--------+--------+--------+--------+-----+--------+

Top non-repeatable levels by time:
     D:6: 1999 daAuts
     D:5: 1708 daAuts
     D:1: 1649 daAuts
     D:4: 1452 daAuts
     D:2: 1387 daAuts
     D:7: 1355 daAuts
     D:8: 1256 daAuts
     D:3: 1238 daAuts
